 Dungeon Crawl Stone Soup version 0.25.0-41-g26779e291d (webtiles) character file.

Game seed: 978826531015994869

129 Kold the Cudgeler (level 4, -3/33 HPs)
             Began as a Demonspawn Gladiator on July 10, 2020.
             Killed by nerve-wracking pain
             ... invoked by Grinder
              (13 damage)
             ... on level 4 of the Dungeon.
             The game lasted 00:04:36 (3451 turns).

Kold the Cudgeler (Demonspawn Gladiator)            Turns: 3451, Time: 00:04:36

Health: -3/33      AC:  7    Str: 15    XL:     4   Next: 88%
Magic:  4/4        EV: 12    Int: 10    God:
Gold:   76         SH:  0    Dex: 14    Spells: 3/3 levels left

rFire    + . .     SeeInvis .   a - +0 flail
rCold    . . .     Gourm    .   (no shield)
rNeg     . . .     Faith    .   b - +0 leather armour
rPois    .         Spirit   .   c - +1 helmet
rElec    .         Reflect  .   (no cloak)
rCorr    .         Harm     .   l - +0 pair of gloves
MR       .....     Rnd*Tele +   (no boots)
Stlth    +.........             (no amulet)
HPRegen  0.11/turn              k - ring of teleportation (curse)
MPRegen  0.09/turn              (no ring)

@: no status effects
A: hooves 1, rugged brown scales 1, fire resistance 1
a: no special abilities


You were on level 4 of the Dungeon.
You were not hungry.

You visited 1 branch of the dungeon, and saw 4 of its levels.

You collected 76 gold pieces.

Inventory:

Hand Weapons
 a - a +0 flail (weapon)
Missiles
 d - 3 throwing nets (quivered)
Armour
 b - a +0 leather armour (worn)
 c - a +1 helmet (worn)
 l - a +0 pair of gloves (worn)
Jewellery
 k - a cursed ring of teleportation (left hand)
Scrolls
 h - 5 scrolls of identify
 i - 2 scrolls of random uselessness {unknown}
 o - 2 scrolls of remove curse {unknown}
Potions
 e - 2 potions of stabbing
 j - a potion of cancellation {unknown}
 m - a potion of heal wounds {unknown}
 n - a potion of resistance {unknown}
Comestibles
 f - 10 rations
 g - 5 chunks of flesh


   Skills:
 - Level 2.0 Fighting
 + Level 5.1 Maces & Flails
 - Level 1.7 Throwing
 - Level 2.6 Dodging


You had 3 spell levels left.
You didn't know any spells.
Your spell library was empty.

Dungeon Overview and Level Annotations

Branches:
Dungeon (4/15)
 Temple: D:4-7

Altars:
Dithmenos
Hepliaklqana
Ru
Vehumet

Annotations:
D:4 Grinder


Innate Abilities, Weirdness & Mutations

You have large cloven feet.
You are partially covered in rugged brown scales. (AC +1, +3% HP)
Your flesh is heat resistant. (rF+)


Message History

What level of the Dungeon? (default 1, ? - help)
There is a stone staircase leading down here.
You climb downwards.
There is a stone staircase leading up here.
As you open the door, it creaks loudly!
Grinder comes into view.
You hear an angry hiss.
A ball python comes into view.
Found 16 arrows.
Found a stone staircase leading down.
That item cannot be evoked! (m)acro, (M)acro raw, keymap [(k) default, (x) level-map, (t)argeting, (c)onfirm, m(e)nu], (s)ave?
Aborting.
You drop a scroll labeled BEXOACRUPNE.
Grinder gestures at you. Pain shoots through your body!
Grinder gestures at you. Pain shoots through your body!
Grinder gestures at you. Pain shoots through your body!
You die...

#.# ######### #.#
#......<# #.#
#.#####.####.###
#####........#
#........#.#@# ###
#.###.##.....##....
#.##........#
..###....####
##.####5#S#
#........#
######?### #'# ...


You could see Grinder and a ball python.

Vanquished Creatures
  2 adders (D:2)
  2 dart slugs (D:1)
  6 leopard geckos
  5 orcs (D:3)
  9 bats
  5 giant cockroaches
  6 goblins
  14 hobgoblins
  13 jackals
  8 kobolds
  A ball python (D:3)
  6 frilled lizards
  7 rats
84 creatures vanquished.

Notes
Turn   | Place    | Note
-------+----------+-------------------------------------------
     0 | D:1      | Kold the Demonspawn Gladiator began the quest for the Orb.
     0 | D:1      | Reached XP level 1. HP: 16/16 MP: 1/1
   185 | D:1      | Reached skill level 3 in Maces & Flails
   358 | D:1      | Gained mutation: Your flesh is heat resistant. (rF+)
                  | [demonic ancestry]
   358 | D:1      | Reached XP level 2. HP: 12/22 MP: 2/2
  1044 | D:1      | Gained mutation: You have large cloven feet. [demonic
                  | ancestry]
  1044 | D:1      | Reached XP level 3. HP: 27/27 MP: 3/3
  1419 | D:2      | Reached skill level 4 in Maces & Flails
  1894 | D:2      | Found a radiant altar of Vehumet.
  1972 | D:2      | Gained mutation: You are partially covered in rugged brown
                  | scales. (AC +1, +3% HP) [demonic ancestry]
  1972 | D:2      | Reached XP level 4. HP: 27/33 MP: 4/4
  2285 | D:2      | Found a hazy altar of Hepliaklqana.
  2583 | D:3      | Found a sacrificial altar of Ru.
  2897 | D:3      | Reached skill level 5 in Maces & Flails
  2988 | D:3      | Found a shadowy altar of Dithmenos.
  3444 | D:4      | Noticed Grinder
  3451 | D:4      | Killed from afar by Grinder

Illustrated notes

Levels and vault maps discovered:
D:1:      eino_arrival_water_cross, layout_basic, serial_rivers,
          chequers_serial_rivers_micro_d, chequers_serial_rivers_room_b,
          chequers_serial_rivers_micro_b, chequers_serial_rivers_small_a,
          chequers_serial_rivers_micro_e, chequers_serial_rivers_micro_c
D:2:      layout_rooms, fiery_altar_vehumet, lemuel_coloured_pillars_altar,
          grunt_ministairs_8
D:3:      layout_basic, grunt_dithmenos_smoke, nicolae_ru_awakened_eye
D:4:      layout_loops_corners, serial_shops, shop, nicolae_shop_trees,
          first_ration, uniq_grinder, uniq_natasha

Skill      XL: |  1  2  3  4 |
---------------+-------------+-----
Maces & Flails | 3 4 5 |  5.1
Fighting       | |  2.0
Throwing       | |  1.7
Dodging        | |  2.6

Action                   |  1- 3 |  4- 6 || total
-------------------------+-------+-------++-------
Melee: Flail             |   143 |   104 ||   247
       Kick              |    11 |    23 ||    34
  Use: Scroll            |     3 |       ||     3
  Eat: Chunk             |     4 |     4 ||     8
Armor: Leather armour    |    70 |    36 ||   106
Dodge: Dodged            |   122 |    82 ||   204
